[Event "Titled Tuesday Blitz June 6 Late 2023"]
[White "Gritsenko, Nikolai"]
[Black "Xiong, Jeffery"]
[WhiteFideId "14112493"]
[BlackFideId "2047640"]
[WhiteElo "2389"]
[BlackElo "2726"]
[Result "0-1"]
[Round "9"]
[TimeControl "180+2"]
[Date "2023.06.07"]
[WhiteClock "0:00:02"]
[BlackClock "0:01:08"]
[Board "15"]

1. b3 d5 2. Bb2 Nf6 3. Nf3 g6 4. c4 c6 5. cxd5 cxd5 6. e3 Bg7 7. Bb5+ Bd7 8. Bxd7+ Nbxd7 9. O-O O-O 10. Nc3 Qb6 11. Rc1 Rfc8 12. Qe2 e6 13. Qb5 a6 14. Qxb6 Nxb6 15. Rc2 Rc7 16. Rfc1 Rac8 17. Ne1 Nbd7 18. Kf1 Kf8 19. Ke2 Ke8 20. Nb5 Rxc2 21. Nd6+ Kf8 22. Nxc2 Rc7 23. Ba3 Kg8 24. Nd4 Rxc1 25. Bxc1 b6 26. Nc8 Bf8 27. Na7 Ne8 28. f4 Nc7 29. Nac6 f6 30. Bb2 Kf7 31. Nd8+ Ke7 32. N8c6+ Ke8 33. a3 Bd6 34. g3 e5 35. fxe5 fxe5 36. Nf3 e4 37. Ng5 h6 38. Nh3 Nc5 39. Nd4 Nd3 40. Bc3 Bxa3 41. Nf4 Nxf4+ 42. exf4 Bc5 43. b4 Bd6 44. f5 Kf7 45. fxg6+ Kxg6 46. d3 h5 47. dxe4 dxe4 48. Bd2 Nd5 49. Nc6 Kf5 50. b5 a5 0-1


[Site "https://www.chess.com"]

[Event "Titled Tuesday Blitz June 6 Late 2023"]
[White "Hansen, Eric"]
[Black "Ozer, Omer Faruk"]
[WhiteFideId "2606771"]
[BlackFideId "6354564"]
[WhiteElo "2561"]
[BlackElo "2260"]
[Result "0-1"]
[Round "9"]
[TimeControl "180+2"]
[Date "2023.06.07"]
[WhiteClock "0:01:08"]
[BlackClock "0:01:10"]
[Board "16"]

1. e4 c5 2. Nf3 Nc6 3. Bb5 e5 4. O-O Bd6 5. c3 Nge7 6. Re1 a6 7. Bf1 Qc7 8. a4 O-O 9. Na3 Ng6 10. Nc4 Be7 11. a5 d6 12. h3 Be6 13. Qa4 f5 14. Nb6 fxe4 15. Nxa8 Rxa8 16. Bc4 d5 17. Be2 exf3 18. Bxf3 e4 19. Be2 Nf4 20. Bf1 c4 21. b3 Nd3 22. Re2 Nce5 23. bxc4 Nxc4 24. Rb1 Bc5 25. Re3 Nxe3 26. dxe3 Rf8 27. Ba3 Nxf2 28. Rxb7 Nxh3+ 0-1


[Site "https://www.chess.com"]

[Event "Titled Tuesday Blitz June 6 Late 2023"]
[White "Svane, Frederik"]
[Black "Martic, Ivan"]
[WhiteFideId "12923044"]
[BlackFideId "929301"]
[WhiteElo "2502"]
[BlackElo "2346"]
[Result "1-0"]
[Round "9"]
[TimeControl "180+2"]
[Date "2023.06.07"]
[WhiteClock "0:01:43"]
[BlackClock "0:00:10"]
[Board "17"]

1. Nf3 Nf6 2. g3 g6 3. Bg2 Bg7 4. O-O O-O 5. c4 d6 6. d4 Nbd7 7. Nc3 e5 8. e4 c6 9. Re1 a6 10. a4 exd4 11. Nxd4 a5 12. Bf4 Ne5 13. b3 Nfd7 14. Ra2 Qe7 15. Rd2 Nc5 16. h3 Ne6 17. Be3 Nc5 18. f4 Ned7 19. Bf2 h5 20. Qc2 h4 21. g4 Re8 22. Nf3 Qf6 23. e5 Qxf4 24. Be3 Qg3 25. Ne2 Qxe1+ 26. Nxe1 Rxe5 27. Bf4 Re8 28. Bxd6 Ne6 29. Nf3 Ndc5 30. Nxh4 Na6 31. Nf3 Nb4 32. Qd1 b6 33. Nfd4 Nxd4 34. Nxd4 Re3 35. Nxc6 Nxc6 36. Bxc6 Ra7 37. Bf4 Rxh3 38. Rd8+ Kh7 39. Rxc8 Re7 40. Kg2 Rc3 41. Qh1+ 1-0


[Site "https://www.chess.com"]

[Event "Titled Tuesday Blitz June 6 Late 2023"]
[White "Jimenez Almeida, Luis David"]
[Black "Maksimovic, Bojan"]
[WhiteFideId "22242244"]
[BlackFideId "14408120"]
[WhiteElo "2245"]
[BlackElo "2457"]
[Result "0-1"]
[Round "9"]
[TimeControl "180+2"]
[Date "2023.06.07"]
[WhiteClock "0:00:02"]
[BlackClock "0:00:01"]
[Board "18"]

1. d4 Nf6 2. Nf3 d6 3. Bg5 Nbd7 4. Nbd2 h6 5. Bh4 g5 6. Bg3 Nh5 7. e3 Bg7 8. Bc4 e6 9. c3 Ndf6 10. a4 Qe7 11. Qe2 O-O 12. O-O a5 13. Rfd1 b6 14. e4 Nxg3 15. hxg3 Bb7 16. e5 Nd7 17. exd6 cxd6 18. Re1 Rae8 19. Ba6 Ba8 20. Bb5 f5 21. Qc4 Bd5 22. Qc7 Rd8 23. Nc4 Bxf3 24. gxf3 d5 25. Ne5 Bxe5 26. Rxe5 Qf7 27. Bxd7 Rxd7 28. Qxb6 Rb7 29. Qxe6 Qxe6 30. Rxe6 Rxb2 31. Rae1 Kg7 32. Rc6 Rf6 33. Rc5 Rc2 34. Re5 f4 35. g4 Rb6 36. Re1 Rbb2 37. Rf1 Ra2 38. Rxa5 Rxc3 39. Kg2 Rcc2 40. Rxd5 Rxa4 41. Re1 Raa2 42. Rf1 Kf6 43. Rd6+ Kg7 44. Rd7+ Kf6 45. Rd6+ Kg7 46. d5 Rd2 47. Kg1 Kf7 48. Rxh6 Rxd5 49. Kg2 Rdd2 50. Rh7+ Kg6 51. Rb7 Kf6 52. Rb6+ Kg7 53. Kg1 Kf7 54. Rc1 Rd7 55. Rcb1 Ke7 56. Kg2 Rdd2 57. Rb7+ Kf6 58. Rf1 Ke5 59. Rb5+ Kf6 60. Rf5+ Kg6 61. Rc5 Rd6 62. Re1 Rdd2 63. Rf1 Re2 64. Rd5 Kf6 65. Rd6+ Ke7 66. Rg6 Ra5 67. Kg1 Kf7 68. Rb6 Ra3 69. Rb7+ Kf6 70. Kg2 Raa2 71. Kg1 Ra3 72. Rb6+ Kf7 73. Kg2 Raa2 74. Rb5 Kf6 75. Rc5 Rab2 76. Rd5 Rbd2 77. Rf5+ Kg6 78. Rc5 Rc2 79. Rxc2 Rxc2 80. Rd1 Kf6 81. Rd6+ Kf7 82. Kf1 Ra2 83. Ke1 Rb2 84. Rd5 Kf6 85. Rd6+ Kf7 86. Rd5 Kf6 87. Rf5+ Kg6 88. Re5 Kf6 89. Re2 Rb1+ 90. Kd2 Rb3 91. Re8 Rxf3 92. Ke2 Ra3 93. f3 Kf7 94. Re5 Kf6 95. Rb5 Re3+ 96. Kf2 Rc3 97. Rb6+ Ke5 98. Rb5+ Kd4 99. Rxg5 Rc2+ 100. Kg1 Ke3 101. Rf5 Kxf3 102. g5 Kg3 103. Kf1 f3 104. Ke1 f2+ 105. Kd1 Rc5 106. Rf8 Kg2 107. g6 Rc7 0-1


[Site "https://www.chess.com"]

[Event "Titled Tuesday Blitz June 6 Late 2023"]
[White "Wadsworth, Matthew J"]
[Black "Paravyan, David"]
[WhiteFideId "415804"]
[BlackFideId "4194985"]
[WhiteElo "2347"]
[BlackElo "2563"]
[Result "0-1"]
[Round "9"]
[TimeControl "180+2"]
[Date "2023.06.07"]
[WhiteClock "0:00:02"]
[BlackClock "0:01:43"]
[Board "19"]

1. c4 e6 2. g3 d5 3. Bg2 Nf6 4. Nf3 Be7 5. O-O O-O 6. b3 c5 7. cxd5 Nxd5 8. Bb2 Nc6 9. d4 cxd4 10. Nxd4 Nxd4 11. Qxd4 Bf6 12. Qd2 Nf4 13. gxf4 Qxd2 14. Nxd2 Bxb2 15. Rab1 Bf6 16. Nc4 Rb8 17. Nd6 b6 18. Rfd1 Ba6 19. e3 Rfd8 20. Bf1 Bxf1 21. Kxf1 Be7 22. Nc4 Kf8 23. Ne5 Ke8 24. Nc6 Rxd1+ 25. Rxd1 Rc8 26. Nxa7 Ra8 27. Nc6 Rxa2 28. Nxe7 Kxe7 29. Rd4 b5 30. Rb4 Ra5 31. Ke2 Kd6 32. Kd3 Kc6 33. Rd4 Ra2 34. Rd8 Rxf2 35. Rf8 f5 36. Rf7 Rg2 37. h4 h5 38. Kd4 Kd6 39. Rb7 Rd2+ 40. Kc3 Rh2 41. Rxg7 Rxh4 42. Kd4 e5+ 43. Kc3 exf4 44. exf4 Rxf4 45. Rh7 b4+ 46. Kd3 h4 47. Ke3 Re4+ 48. Kf3 Ke5 49. Re7+ Kf6 50. Rb7 Rg4 51. Rb8 Rg3+ 52. Kf4 Rg4+ 53. Kf3 Rd4 54. Ke3 Re4+ 55. Kf3 h3 56. Rh8 Ke5 57. Rxh3 Kd4 58. Rh5 Re3+ 59. Kf4 Rxb3 60. Rxf5 Rb1 61. Rb5 Rf1+ 62. Kg3 Kc4 63. Rb8 b3 0-1


[Site "https://www.chess.com"]

[Event "Titled Tuesday Blitz June 6 Late 2023"]
[White "Popilski, Gil"]
[Black "Matlakov, Maxim"]
[WhiteFideId "2809060"]
[BlackFideId "4168003"]
[WhiteElo "2537"]
[BlackElo "2666"]
[Result "0-1"]
[Round "9"]
[TimeControl "180+2"]
[Date "2023.06.07"]
[WhiteClock "0:00:19"]
[BlackClock "0:01:26"]
[Board "20"]

1. e4 c5 2. Nf3 e6 3. d4 cxd4 4. Nxd4 Nc6 5. Nc3 Qc7 6. Be3 a6 7. Bd3 Nf6 8. O-O b5 9. Nxc6 Qxc6 10. Qf3 Bb7 11. Rae1 b4 12. Nd5 Nxd5 13. exd5 Qxd5 14. Qg3 Bd6 15. Qxg7 O-O-O 16. f3 Rhg8 17. Qd4 Bxh2+ 18. Kxh2 Qh5+ 19. Kg1 Rxg2+ 20. Kxg2 Rg8+ 21. Bg5 Rxg5+ 22. Kf2 Qxf3# 0-1


[Site "https://www.chess.com"]

[Event "Titled Tuesday Blitz June 6 Late 2023"]
[White "Amburgy, Ryan"]
[Black "Elsa167"]
[WhiteFideId "30924820"]
[WhiteElo "2134"]
[BlackElo "2883"]
[Result "1/2-1/2"]
[Round "9"]
[TimeControl "180+2"]
[Date "2023.06.07"]
[WhiteClock "0:00:09"]
[BlackClock "0:00:10"]
[Board "21"]

1. d4 f5 2. g3 Nf6 3. Bg2 g6 4. c4 Bg7 5. Nc3 O-O 6. Nf3 d6 7. O-O Qe8 8. Bg5 c6 9. Bxf6 Bxf6 10. e4 e5 11. dxe5 dxe5 12. Qd6 Nd7 13. Rad1 Kg7 14. Nd2 Be7 15. Qd3 Nc5 16. Qe2 f4 17. Nb3 Nxb3 18. axb3 Bc5 19. Rd3 Qf7 20. gxf4 Qxf4 21. Rf3 Qg5 22. Rxf8 Kxf8 23. Qf3+ Kg7 24. Qg3 Qf6 25. Nd1 Be6 26. Ne3 Bd4 27. Bh3 Bxh3 28. Qxh3 Bxb2 29. Qd7+ Qf7 30. Qxf7+ Kxf7 31. Rd1 Bd4 32. Nc2 Rd8 33. Kf1 Ke6 34. Ke2 c5 35. Rd3 a6 36. Rh3 h5 37. Rg3 Kf6 38. h4 b5 39. Na3 Rb8 40. Rf3+ Kg7 41. cxb5 axb5 42. Nc2 Ra8 43. Kd2 Ra2 44. Kd1 Kh6 45. Kd2 g5 46. hxg5+ Kxg5 47. Rf5+ Kg6 48. f4 exf4 49. Rxf4 Bf6 50. Rf5 Bg5+ 51. Kd1 Rb2 52. Rxc5 Rxb3 53. Rc6+ Kf7 54. Ke2 h4 55. Rc7+ Kg6 56. Rc6+ Kh5 57. Rc5 Kg4 58. Ne1 b4 59. Nd3 h3 60. Nf2+ Kh4 61. Rc8 Re3+ 62. Kf1 Kg3 63. Rg8 Kf4 64. Rf8+ Kg3 65. Rg8 Kf4 66. Rf8+ Ke5 67. Rf5+ Kd4 68. Rxg5 b3 69. Rb5 h2 70. Kg2 Re2 71. Rxb3 Rxf2+ 72. Kh1 Kxe4 73. Rh3 Rf1+ 74. Kxh2 Kf4 75. Kg2 Ra1 76. Rf3+ Ke4 77. Rf2 Ra3 78. Re2+ Kf4 79. Rb2 Rg3+ 80. Kf2 Rf3+ 81. Kg2 Rg3+ 82. Kf2 Rh3 83. Kg2 Rg3+ 1/2-1/2


[Site "https://www.chess.com"]

[Event "Titled Tuesday Blitz June 6 Late 2023"]
[White "Baskakov, Egor"]
[Black "Eugene, Floryan"]
[WhiteFideId "24197866"]
[BlackFideId "20694784"]
[WhiteElo "2225"]
[BlackElo "2369"]
[Result "1-0"]
[Round "9"]
[TimeControl "180+2"]
[Date "2023.06.07"]
[WhiteClock "0:00:23"]
[BlackClock "0:00:02"]
[Board "22"]

1. e4 c5 2. Nf3 Nc6 3. Nc3 Nf6 4. e5 Ng4 5. Qe2 f6 6. exf6 Nxf6 7. g3 d5 8. Bg2 e6 9. O-O Bd6 10. d4 O-O 11. dxc5 Bxc5 12. Bf4 Re8 13. Rad1 Bd7 14. Ne5 Nd4 15. Qd3 Rc8 16. Be3 Nf5 17. Bxc5 Rxc5 18. Rfe1 Qc7 19. Nxd7 Qxd7 20. Bh3 g6 21. Bxf5 gxf5 22. Qd4 Qe7 23. Re5 Rc4 24. Qxa7 Qb4 25. Ne2 Qxb2 26. Qe3 Ng4 27. Qg5+ Kh8 28. Rdxd5 h6 29. Qg6 Rg8 30. Qxe6 Nxe5 31. Qf6+ Rg7 32. Rxe5 Qb1+ 33. Kg2 Rc8 34. Qxh6+ Kg8 35. Qe6+ Kh7 36. Rxf5 Qb6 37. Rh5# 1-0


[Site "https://www.chess.com"]

[Event "Titled Tuesday Blitz June 6 Late 2023"]
[White "Indjic, Aleksandar"]
[Black "Manukyan, Sargis A."]
[WhiteFideId "911925"]
[BlackFideId "13303970"]
[WhiteElo "2614"]
[BlackElo "2187"]
[Result "1-0"]
[Round "9"]
[TimeControl "180+2"]
[Date "2023.06.07"]
[WhiteClock "0:01:35"]
[BlackClock "0:00:16"]
[Board "23"]

1. c4 Nf6 2. Nc3 c5 3. Nf3 Nc6 4. d4 cxd4 5. Nxd4 g6 6. e4 d6 7. Be2 Nxd4 8. Qxd4 Bg7 9. Be3 O-O 10. Qd2 Be6 11. f3 Qa5 12. Rc1 Rfc8 13. b3 a6 14. Nd5 Qxd2+ 15. Kxd2 Nxd5 16. cxd5 Bd7 17. Rxc8+ Rxc8 18. Rc1 Rxc1 19. Kxc1 h5 20. a4 Kf8 21. Kc2 Ke8 22. Kd3 Kd8 23. Bb6+ Kc8 24. Bd4 Bxd4 25. Kxd4 a5 26. f4 b6 27. e5 Kc7 28. Bb5 Bxb5 29. axb5 f5 30. Ke3 Kd8 31. Kf3 dxe5 32. fxe5 Ke8 33. Kf4 Kf7 34. Kg5 Kg7 35. h4 Kf7 36. g3 Kg7 37. d6 exd6 38. exd6 Kf7 39. d7 Ke7 40. Kxg6 Kxd7 41. Kxh5 Kd6 42. Kg6 Kc5 43. h5 Kxb5 44. h6 f4 45. gxf4 a4 1-0


[Site "https://www.chess.com"]

[Event "Titled Tuesday Blitz June 6 Late 2023"]
[White "Rosen, Eric"]
[Black "reevecanada"]
[WhiteFideId "2032562"]
[WhiteElo "2331"]
[BlackElo "2611"]
[Result "1-0"]
[Round "9"]
[TimeControl "180+2"]
[Date "2023.06.07"]
[WhiteClock "0:00:16"]
[BlackClock "0:00:38"]
[Board "24"]

1. d4 d5 2. Bf4 Nf6 3. e3 e6 4. Nf3 Bd6 5. Ne5 c5 6. Bb5+ Kf8 7. dxc5 Qa5+ 8. Nc3 Bxc5 9. O-O Bb4 10. Qd4 a6 11. a3 Be7 12. b4 Qd8 13. Be2 Nc6 14. Nxc6 bxc6 15. Na4 Nd7 16. e4 Bf6 17. e5 Be7 18. c4 h6 19. Rac1 Bb7 20. c5 g6 21. Bg3 Kg7 22. f4 h5 23. Bd3 Bh4 24. Nc3 Bxg3 25. hxg3 f5 26. exf6+ Qxf6 27. Ne2 Rae8 28. Qxf6+ Kxf6 29. Nd4 Re7 30. Rce1 Rhe8 31. Nf3 Kg7 32. Ne5 Nxe5 33. fxe5 Rf7 34. Rxf7+ Kxf7 35. Rf1+ Kg7 36. Rf6 Rh8 37. Rxe6 g5 38. Re7+ Kh6 39. Rxb7 1-0


[Site "https://www.chess.com"]

[Event "Titled Tuesday Blitz June 6 Late 2023"]
[White "Martins, Bruno Andre Leite"]
[Black "Mayeregger, Arnold"]
[WhiteFideId "1942255"]
[BlackFideId "3705226"]
[WhiteElo "2241"]
[BlackElo "2038"]
[Result "1-0"]
[Round "9"]
[TimeControl "180+2"]
[Date "2023.06.07"]
[WhiteClock "0:00:09"]
[BlackClock "0:00:08"]
[Board "25"]

1. e4 c5 2. Nf3 Nc6 3. d4 cxd4 4. Nxd4 Nf6 5. Nc3 e5 6. Ndb5 d6 7. Bg5 a6 8. Na3 b5 9. Nd5 Be7 10. Bxf6 Bxf6 11. c4 b4 12. Nc2 O-O 13. Be2 a5 14. O-O Be6 15. Qd3 Bg5 16. Rfd1 Kh8 17. Bf3 g6 18. b3 f5 19. Qe2 Qb8 20. Nde3 f4 21. Nd5 Bd8 22. a3 bxa3 23. Rxa3 Bxd5 24. exd5 Nb4 25. Nxb4 Qxb4 26. Raa1 Bb6 27. Rd3 Bc5 28. Ra4 Qb6 29. Be4 Kg7 30. h4 Qd8 31. Qg4 Ra7 32. h5 Qf6 33. hxg6 hxg6 34. Rh3 Bb6 35. Kf1 Bd8 36. Ke2 Qg5 37. Qxg5 Bxg5 38. b4 Rb8 39. Rha3 Rab7 40. bxa5 Rb2+ 41. Kf3 Bh4 42. g3 fxg3 43. fxg3 Bd8 44. a6 Bb6 45. a7 Ra8 46. Ra6 Bc5 47. R3a5 Kh6 48. Rxc5 dxc5 49. d6 Rf8+ 50. Kg4 Rbb8 51. axb8=Q Rxb8 52. d7 Rd8 53. Bc6 Kg7 54. Ra8 1-0


[Site "https://www.chess.com"]

[Event "Titled Tuesday Blitz June 6 Late 2023"]
[White "Van Dael, Siem"]
[Black "Martinez Ramirez, Lennis"]
[WhiteFideId "1049771"]
[BlackFideId "3509079"]
[WhiteElo "2336"]
[BlackElo "2410"]
[Result "0-1"]
[Round "9"]
[TimeControl "180+2"]
[Date "2023.06.07"]
[WhiteClock "0:00:02"]
[BlackClock "0:00:29"]
[Board "26"]

1. e4 c5 2. Nf3 Nc6 3. d4 cxd4 4. Nxd4 Nf6 5. Nc3 e5 6. Ndb5 d6 7. Bg5 a6 8. Na3 b5 9. Nd5 Be7 10. Bxf6 Bxf6 11. c3 O-O 12. Nc2 Bg5 13. a4 bxa4 14. Rxa4 Ne7 15. Ncb4 Nxd5 16. Nxd5 Bb7 17. Bc4 a5 18. O-O Bc6 19. Ra2 a4 20. Qd3 Rb8 21. g3 Qd7 22. f4 exf4 23. gxf4 Bd8 24. Qg3 Kh8 25. Re1 f5 26. e5 dxe5 27. Rxe5 Bf6 28. Nxf6 Rxf6 29. Qd3 Rd6 30. Qe3 Rg6+ 31. Kf2 Qd1 32. Bf1 Rd8 33. b4 axb3 34. Re2 h6 35. Re7 Qd5 36. Qe5 Rg2+ 37. Ke1 Qd1# 0-1


[Site "https://www.chess.com"]

[Event "Titled Tuesday Blitz June 6 Late 2023"]
[White "Bitoon, Richard"]
[Black "Licznerski, Lukasz"]
[WhiteFideId "5201110"]
[BlackFideId "1179250"]
[WhiteElo "2374"]
[BlackElo "2453"]
[Result "1-0"]
[Round "9"]
[TimeControl "180+2"]
[Date "2023.06.07"]
[WhiteClock "0:01:31"]
[BlackClock "0:01:13"]
[Board "27"]

1. e4 c6 2. d4 d5 3. Nc3 dxe4 4. Nxe4 Bf5 5. Ng3 Bg6 6. Nh3 e6 7. Nf4 Bd6 8. c3 Qc7 9. Qf3 Nf6 10. h4 Nd5 11. Nxd5 cxd5 12. h5 Bc2 13. Bb5+ Nc6 14. Kd2 Bxg3 15. Kxc2 Bd6 16. h6 gxh6 17. Bxh6 O-O-O 18. Bxc6 bxc6 19. Bg7 Rhg8 20. Bf6 Rde8 21. Rxh7 c5 22. dxc5 Bxc5 23. g3 e5 24. Qxd5 1-0


[Site "https://www.chess.com"]

[Event "Titled Tuesday Blitz June 6 Late 2023"]
[White "Adewumi, Tanitoluwa"]
[Black "Rustemov, Alexander"]
[WhiteFideId "30966396"]
[BlackFideId "4119002"]
[WhiteElo "2621"]
[BlackElo "2833"]
[Result "0-1"]
[Round "9"]
[TimeControl "180+2"]
[Date "2023.06.07"]
[WhiteClock "0:00:01"]
[BlackClock "0:00:06"]
[Board "28"]

1. e4 e6 2. d4 d5 3. exd5 exd5 4. Nf3 Bf5 5. Bd3 Bxd3 6. Qxd3 Nc6 7. Nc3 Bb4 8. O-O Nge7 9. Bf4 Bxc3 10. bxc3 Na5 11. Rfe1 O-O 12. h4 Nc4 13. Ng5 Ng6 14. h5 h6 15. hxg6 hxg5 16. gxf7+ Rxf7 17. Bg3 Qf6 18. Re2 Re7 19. Rae1 Rae8 20. Rxe7 Rxe7 21. Rxe7 Qxe7 22. Qf5 c6 23. Be5 Nb6 24. Qg6 Nd7 25. Bd6 Qe1+ 26. Kh2 Qxf2 27. Qxg5 Qf6 28. Qg3 Qh6+ 29. Kg1 Nf6 30. Be5 Ne4 31. Qg4 b5 32. Qc8+ Kh7 33. Qf5+ Qg6 34. Qh3+ Kg8 35. Qc8+ Kf7 36. Qd7+ Kf8 37. Qd8+ Qe8 38. Bxg7+ Kf7 39. Qc7+ Qe7 40. Qxe7+ Kxe7 41. Be5 Nxc3 42. a3 Nb1 43. g4 Nxa3 44. g5 Nxc2 45. Kf2 Kf7 46. Kf3 Na3 47. Kf4 Kg6 48. Kf3 Nc4 0-1


[Site "https://www.chess.com"]

[Event "Titled Tuesday Blitz June 6 Late 2023"]
[White "Schnaider, Ilan"]
[Black "Bryakin, Mikhail"]
[WhiteFideId "169013"]
[BlackFideId "4165314"]
[WhiteElo "2224"]
[BlackElo "2464"]
[Result "0-1"]
[Round "9"]
[TimeControl "180+2"]
[Date "2023.06.07"]
[WhiteClock "0:00:01"]
[BlackClock "0:00:18"]
[Board "29"]

1. e4 c5 2. Nf3 g6 3. c3 Nf6 4. e5 Nd5 5. d4 cxd4 6. cxd4 Bg7 7. Bc4 Nb6 8. Bb3 O-O 9. O-O d6 10. Bf4 Nc6 11. exd6 exd6 12. h3 Na5 13. Bc2 h6 14. Nc3 Qf6 15. Qc1 Rd8 16. Ne4 Qe7 17. Bxh6 Bf5 18. Bxg7 Kxg7 19. Ng3 Bxc2 20. Qxc2 Rac8 21. Qd3 Nc6 22. Rae1 Qf6 23. Qe4 Re8 24. Qg4 Kf8 25. Ng5 Qxd4 26. Qf3 Qd5 27. Rxe8+ Rxe8 28. Nh7+ Ke7 29. Re1+ Ne5 30. Qf6+ Kd7 31. Ne4 Kc7 32. Rc1+ Nec4 33. Nc3 Qe6 34. Qd4 Kb8 35. Ng5 Qe7 36. Nge4 f5 37. Nf6 Rd8 38. Nfd5 Qe5 39. Qd3 Nxb2 40. Qb5 N2c4 41. a4 a6 42. Qb4 Nxd5 43. Qxc4 Rc8 44. Qb3 Rxc3 0-1


[Site "https://www.chess.com"]

[Event "Titled Tuesday Blitz June 6 Late 2023"]
[White "Hambleton, Aman"]
[Black "Domingo Nunez, Ruben"]
[WhiteFideId "2606577"]
[BlackFideId "22245570"]
[WhiteElo "2511"]
[BlackElo "2404"]
[Result "1/2-1/2"]
[Round "9"]
[TimeControl "180+2"]
[Date "2023.06.07"]
[WhiteClock "0:00:02"]
[BlackClock "0:00:24"]
[Board "30"]

1. d4 g6 2. c4 Bg7 3. e4 d6 4. Nc3 Nd7 5. f3 c6 6. Be3 a6 7. Nge2 b5 8. Ng3 h5 9. h4 bxc4 10. Bxc4 d5 11. Bb3 e6 12. Nge2 a5 13. Rc1 Ba6 14. Na4 Rc8 15. Qd2 dxe4 16. fxe4 Ngf6 17. e5 Ng4 18. Bg5 Bh6 19. Bxd8 Bxd2+ 20. Kxd2 Rxd8 21. Rxc6 Bb7 22. Rc7 Bxg2 23. Rg1 Ba8 24. Ke1 Bf3 25. Rg3 Be4 26. Nf4 Nb8 27. Nc5 Rxd4 28. Rc8+ Rd8 29. Rc7 Nxe5 30. Nxe4 Rd4 31. Nf6+ Kd8 32. Rgc3 Rxf4 33. Rc8+ Ke7 34. Rxh8 Na6 35. Ng8+ Kd6 36. Nh6 Nf3+ 37. Kd1 Nxh4 38. Rd8+ Ke7 39. Ra8 Nb4 40. Ra7+ Kf8 41. Rc8+ Kg7 42. Nxf7 Rxf7 43. Rxf7+ Kxf7 44. a3 Nd3 45. Kc2 Nf4 46. Bc4 Nf3 47. Bf1 h4 48. b4 axb4 49. a4 h3 50. Bxh3 Nxh3 51. a5 Nd4+ 52. Kd3 e5 53. a6 Nf4+ 54. Ke4 Nb5 55. Rb8 Ne2 56. Kxe5 Nec3 57. Kf4 b3 58. Rb7+ Ke6 59. a7 Ne2+ 60. Kg5 Nxa7 61. Rxa7 Nd4 62. Rb7 Kd5 63. Kxg6 Kc4 64. Rxb3 Nxb3 1/2-1/2


[Site "https://www.chess.com"]

[Event "Titled Tuesday Blitz June 6 Late 2023"]
[White "Pakleza, Zbigniew"]
[Black "Vlassov, Nikolai"]
[WhiteFideId "1119290"]
[BlackFideId "4103360"]
[WhiteElo "2410"]
[BlackElo "2324"]
[Result "1/2-1/2"]
[Round "9"]
[TimeControl "180+2"]
[Date "2023.06.07"]
[WhiteClock "0:00:01"]
[BlackClock "0:00:06"]
[Board "31"]

1. d4 Nf6 2. Nf3 e6 3. Bf4 c5 4. c3 b6 5. e3 Bb7 6. h3 Be7 7. Nbd2 h6 8. Bd3 d6 9. Qe2 Nbd7 10. Bh2 Qc7 11. e4 g5 12. e5 Nd5 13. Nc4 Nf4 14. Bxf4 gxf4 15. exd6 Bxd6 16. Be4 O-O-O 17. Bxb7+ Kxb7 18. O-O-O cxd4 19. Nxd6+ Qxd6 20. Rxd4 Qc7 21. Rhd1 Nc5 22. Ne5 Rxd4 23. Rxd4 f6 24. Qf3+ Kb8 25. Ng6 Rd8 26. Rxd8+ Qxd8 27. Qxf4+ e5 28. Qe3 Qd3 29. Qxd3 Nxd3+ 30. Kd2 Nxf2 31. Nh4 Ne4+ 32. Ke3 Nd6 33. g4 Kc7 34. b3 Kc6 35. Kd3 b5 36. a3 a5 37. Ke3 Kd5 38. Kd3 a4 39. bxa4 bxa4 40. Kd2 Nc4+ 41. Kd3 Nxa3 42. Nf5 Nc4 43. Kc2 Ke6 44. Nxh6 Ne3+ 45. Kb2 Ng2 46. Nf5 e4 47. Ka3 e3 48. Kxa4 e2 49. Nd4+ Kd5 50. Nxe2 Kc4 51. Ng3 Kxc3 52. Ne4+ Kd4 53. Nxf6 Ke5 54. Nh5 Ne3 55. Kb4 Nd1 56. g5 Kf5 57. h4 Nf2 58. Ng3+ Kg6 59. Kc4 Nh3 60. Kd4 Nxg5 61. hxg5 Kxg5 1/2-1/2


[Site "https://www.chess.com"]

[Event "Titled Tuesday Blitz June 6 Late 2023"]
[White "Aldokhin, Ivan"]
[Black "Tejedor Fuente, Enrique"]
[WhiteFideId "24115720"]
[BlackFideId "2299100"]
[WhiteElo "2322"]
[BlackElo "2496"]
[Result "1/2-1/2"]
[Round "9"]
[TimeControl "180+2"]
[Date "2023.06.07"]
[WhiteClock "0:00:08"]
[BlackClock "0:00:07"]
[Board "32"]

1. e4 d5 2. exd5 e6 3. dxe6 Bxe6 4. Nf3 Nf6 5. Nc3 Nc6 6. d4 Bb4 7. Bb5 Qd5 8. Bxc6+ Qxc6 9. O-O O-O-O 10. Ne5 Qb6 11. Be3 Bxc3 12. bxc3 Rhe8 13. Qf3 Bd5 14. Qh3+ Qe6 15. Qxe6+ Bxe6 16. c4 Bf5 17. c3 Ng4 18. Nxg4 Bxg4 19. Rfb1 b6 20. a4 Bf5 21. Rb4 a5 22. Rb2 Bd3 23. c5 Re6 24. cxb6 Rxb6 25. Rxb6 cxb6 26. c4 Kc7 27. Rc1 Bf5 28. f3 Bd7 29. Ra1 Re8 30. Kf2 Bf5 31. Ra3 h5 32. d5 Bc2 33. Ke2 Ra8 34. Kd2 Bf5 35. Rb3 Ra6 36. Kc3 Bd7 37. Ra3 Ra8 38. Kd4 f6 39. h4 Re8 40. Bf4+ Kb7 41. c5 bxc5+ 42. Kxc5 Rc8+ 43. Kd6 Be8 44. Rb3+ Ka8 45. Rb6 Bxa4 46. Ra6+ Kb7 47. Rxa5 Rc4 48. Bg3 Bd1 49. Ke7 Ra4 50. Rxa4 Bxa4 51. d6 Kc8 52. Kf8 g5 53. Ke7 gxh4 54. Bxh4 f5 55. Kf6 Kd7 56. Bg3 Bb5 57. Kxf5 Bf1 58. Kg5 Bxg2 59. f4 Kxd6 60. f5+ Kd7 61. Kxh5 Ke8 62. Kg6 Be4 63. Kf6 Kf8 64. Ke5 Bd3 65. f6 Kf7 66. Bf4 Bc2 67. Be3 Bb1 68. Bf4 Ba2 69. Be3 Bb3 70. Bf4 Ba2 71. Be3 Bb3 72. Bf4 Ba2 1/2-1/2


[Site "https://www.chess.com"]

[Event "Titled Tuesday Blitz June 6 Late 2023"]
[White "Makaraci, Tunahan"]
[Black "Oro, Faustino"]
[WhiteFideId "6356559"]
[BlackFideId "20000197"]
[WhiteElo "2160"]
[BlackElo "1984"]
[Result "0-1"]
[Round "9"]
[TimeControl "180+2"]
[Date "2023.06.07"]
[WhiteClock "0:00:01"]
[BlackClock "0:00:04"]
[Board "33"]

1. e4 c5 2. c3 Nf6 3. e5 Nd5 4. Nf3 Nc6 5. Bc4 Nb6 6. Bb3 d5 7. exd6 Qxd6 8. O-O Be6 9. Bxe6 Qxe6 10. a4 Qd7 11. a5 Nd5 12. a6 b6 13. d4 e6 14. Na3 Be7 15. Nc4 O-O 16. Nce5 Nxe5 17. Nxe5 Qc7 18. Be3 Rfd8 19. Qb3 Rac8 20. h3 cxd4 21. Bxd4 Nf4 22. Nf3 Bc5 23. Rfe1 Bxd4 24. Nxd4 Rd5 25. Nf3 Rf5 26. Rad1 Nxh3+ 27. Kf1 Nf4 28. Re4 h5 29. Rdd4 Nd5 30. Rc4 Qd8 31. Nd4 Rf6 32. Rxc8 Qxc8 33. c4 Qxa6 34. Nb5 Qa1+ 35. Re1 Qa6 36. cxd5 Rf5 37. Rd1 Rxd5 38. Rxd5 exd5 39. Qxd5 Qa1+ 40. Ke2 Qxb2+ 41. Kf3 Qf6+ 42. Kg3 h4+ 43. Kh2 Qxf2 44. Nd6 Qg3+ 45. Kg1 Qe3+ 46. Kh2 Qf4+ 47. Kg1 g6 48. Ne4 a5 49. Qd4 Qc1+ 50. Kh2 Qc7+ 51. Kh3 b5 52. Nf6+ Kf8 53. Nh7+ Ke8 54. Nf6+ Kf8 55. Kxh4 Qh2+ 56. Kg5 Qxg2+ 57. Ng4 Qc6 58. Qd8+ Kg7 0-1


[Site "https://www.chess.com"]

[Event "Titled Tuesday Blitz June 6 Late 2023"]
[White "Tanenbaum, Zachary"]
[Black "Mortazavi, Ali"]
[WhiteFideId "2060850"]
[BlackFideId "401323"]
[WhiteElo "2207"]
[BlackElo "2339"]
[Result "1-0"]
[Round "9"]
[TimeControl "180+2"]
[Date "2023.06.07"]
[WhiteClock "0:02:01"]
[BlackClock "0:01:13"]
[Board "34"]

1. e4 c6 2. d4 d5 3. exd5 cxd5 4. Bd3 Nc6 5. c3 Qc7 6. h3 g6 7. Qc2 Nh6 8. Nf3 f6 9. O-O Nf7 10. Re1 Bg7 11. c4 dxc4 12. Bxc4 Bf5 13. Bxf7+ Kxf7 14. Qc4+ e6 15. g4 b5 16. Qe2 Rhe8 17. gxf5 exf5 18. Qf1 Rxe1 19. Qxe1 Re8 20. Qf1 Nb4 21. Nc3 Qb7 22. Qg2 Nc2 23. Ne5+ fxe5 24. Qxb7+ Kg8 25. Qxb5 1-0


[Site "https://www.chess.com"]